 Dungeon Crawl Stone Soup version 0.29.0-4-gdea44cf6ec (webtiles) character file.

Game seed: 7808315354692657087

333 qw the Chopper (level 6, -7/52 HPs)
             Began as a Minotaur Fighter on Sept 8, 2022.
             Mangled by an orc warrior
             ... wielding a +0 short sword
              (13 damage)
             ... on level 4 of the Dungeon.
             The game lasted 00:01:15 (3023 turns).

qw the Chopper (Minotaur Fighter)                   Turns: 3023, Time: 00:01:16

Health: -7/52      AC: 11    Str: 22    XL:     6   Next: 27%
Magic:  5/5        EV:  6    Int:  5    God:
Gold:   158        SH:  4    Dex: 10    Spells: 5/5 levels left

rFire   . . .      SeeInvis .   Y - +0 war axe
rCold   . . .      Faith    .   c - +0 buckler
rNeg    . . .      Spirit   .   i - +0 plate armour
rPois   .          Reflect  .   (helmet restricted)
rElec   .          Harm     .   (no cloak)
rCorr   .          Rampage  .   (no gloves)
Will    .....                   (no boots)
Stlth   ..........              (no amulet)
HPRegen 0.17/turn               (no ring)
MPRegen 0.09/turn               (no ring)

@: no status effects
A: horns 2, retaliatory headbutt
a: no special abilities


You were on level 4 of the Dungeon.
You visited 1 branch of the dungeon, and saw 4 of its levels.

You collected 158 gold pieces.


Innate Abilities, Weirdness & Mutations

You have a pair of horns on your head.
You reflexively headbutt those who attack you in melee.


   Skills:
 - Level 4.2 Fighting
 + Level 7.6 Axes
 - Level 3.6 Armour
 - Level 1.0 Dodging
 - Level 3.6 Shields


You had 5 spell levels left.
You didn't know any spells.
Your spell library was empty.

Inventory:

Hand Weapons
 f - a +1 flail of draining
 Y - a +0 war axe (weapon)
Armour
 b - a +0 pair of gloves
 c - a +0 buckler (worn)
 i - a +0 plate armour (worn)
Scrolls
 a - a scroll of identify
Potions
 d - 2 potions of might
 l - a potion of mutation
 m - a potion of ambrosia {unknown}

Dungeon Overview and Level Annotations

Branches:
Dungeon (4/15)
 Temple: D:4-7

Altars:
Uskayaw
Xom


Message History

3017 ||| (to cure confusion)
The hound bites you but does no damage.
The orc wizard hits you with a +0 dagger.
The hound bites you but does no damage.
You closely miss the hound.
The hound is heavily wounded.
You closely miss the orc wizard.
You hit the orc warrior but do no damage.
The orc warrior hits you with a +0 short sword!
The hound closely misses you. You furiously retaliate!
You headbutt the hound! You slash the hound!
You kill the hound!
You slash the orc wizard!
You hit the orc warrior but do no damage.
You hit the orc wizard. The orc wizard barely misses you.
The orc wizard hits you but does no damage.
The orc warrior completely misses you. You block the orc wizard's attack.
The orc warrior hits you with a +0 short sword.
The orc wizard hits you but does no damage.
You have reached level 6!
You slash the orc wizard!
You kill the orc wizard!
You closely miss the orc warrior. You hit the orc wizard.
The orc wizard hits you but does no damage.
The orc warrior hits you with a +0 short sword!
You closely miss the orc wizard. You headbutt the orc wizard.
The orc wizard is almost dead.
You barely miss the orc warrior. The orc wizard barely misses you.
You furiously retaliate!
You headbutt the orc wizard, but do no damage.
The orc warrior hits you with a +0 short sword.
You slash the orc wizard!
You kill the orc wizard!
You hit the orc warrior.
The orc warrior hits you with a +0 short sword.
You barely miss the orc warrior. Your headbutt misses the orc warrior.
The orc warrior is moderately wounded.
The orc warrior hits you with a +0 short sword!
You die...

###########
#.........#
#.........#
#......o..#####.
#.....%@.....>..
#.....))..#####.
#.........#
#...........
#############


You could see an orc warrior.

Vanquished Creatures
  A scorpion (D:2)
  A hound (D:4)
  Terence (D:2)
  3 orc wizards (D:4)
  4 gnolls (D:4)
  2 adders (D:3)
  A worm (D:2)
  2 dart slugs
  3 orcs (D:4)
  4 bats
  An endoplasm (D:1)
  2 giant cockroaches
  10 goblins
  8 hobgoblins
  19 jackals
  7 ball pythons
  3 frilled lizards (D:1)
  5 kobolds
  3 rats
80 creatures vanquished.

Notes
Turn   | Place    | Note
-------+----------+-------------------------------------------
     0 | D:1      | qw the Minotaur Fighter began the quest for the Orb.
     0 | D:1      | Reached XP level 1. HP: 19/19 MP: 0/0
     0 | D:1      | 0 ||| qw: Version: 0.1-a-112-g44dc6cd
     0 | D:1      | 0 ||| qw: Game counter: 6719
     0 | D:1      | 0 ||| qw: Always use a shield: true
     0 | D:1      | 0 ||| qw: God list: Ru
     0 | D:1      | 0 ||| qw: Allow faded altars: false
     0 | D:1      | 0 ||| qw: Do Orc after D:15 true
     0 | D:1      | 0 ||| qw: Do second Lair branch before Depths: true
     0 | D:1      | 0 ||| qw: Lair rune preference: random
     0 | D:1      | 0 ||| qw: Plans: Normal
     0 | D:1      | 0 ||| PLANNING D:1-11
   104 | D:1      | Reached skill level 3 in Axes
   105 | D:1      | 105 ||| Stepping ~*~*~tactically~*~*~ (stealth).
   106 | D:1      | 106 ||| Stepping ~*~*~tactically~*~*~ (stealth).
   131 | D:1      | Reached XP level 2. HP: 26/26 MP: 1/1
   140 | D:1      | 140 ||| Stepping ~*~*~tactically~*~*~ (stealth).
   145 | D:1      | 145 ||| Stepping ~*~*~tactically~*~*~ (stealth).
   147 | D:1      | 147 ||| Stepping ~*~*~tactically~*~*~ (stealth).
   148 | D:1      | 148 ||| Stepping ~*~*~tactically~*~*~ (stealth).
   181 | D:1      | Found a faded altar of an unknown god.
   502 | D:1      | 502 ||| Stepping ~*~*~tactically~*~*~ (hiding).
   512 | D:1      | Reached skill level 4 in Axes
   965 | D:1      | Reached XP level 3. HP: 25/31 MP: 2/2
  1057 | D:1      | 1057 ||| DROPPING ring of magical power.
  1058 | D:1      | 1058 ||| READING 3 scrolls labelled NILEUT BETWULL.
  1059 | D:1      | 1059 ||| READING scroll labelled CIUHI WAMORGHU.
  1060 | D:1      | 1060 ||| READING 2 scrolls of identify.
  1060 | D:1      | 1060 ||| IDENTIFYING clear potion
  1114 | D:2      | Noticed Terence
  1124 | D:2      | Killed Terence
  1125 | D:2      | Reached skill level 5 in Axes
  1205 | D:2      | 1205 ||| DROPPING +0 whip.
  1242 | D:2      | 1242 ||| Stepping ~*~*~tactically~*~*~ (stealth).
  1243 | D:2      | 1243 ||| Stepping ~*~*~tactically~*~*~ (stealth).
  1244 | D:2      | 1244 ||| Stepping ~*~*~tactically~*~*~ (stealth).
  1245 | D:2      | 1245 ||| Stepping ~*~*~tactically~*~*~ (stealth).
  1277 | D:2      | Identified the +1 robe "Teudom" {rCorr}
  1458 | D:2      | Noticed a scorpion
  1459 | D:2      | 1459 ||| Stepping ~*~*~tactically~*~*~ (stealth).
  1462 | D:2      | Reached skill level 1 in Dodging
  1468 | D:2      | Killed a scorpion
  1469 | D:2      | Reached XP level 4. HP: 35/39 MP: 3/3
  1520 | D:2      | Reached skill level 6 in Axes
  1868 | D:2      | 1868 ||| UPGRADING to +0 plate armour.
  1878 | D:2      | 1878 ||| DROPPING +0 scale mail.
  1879 | D:2      | 1879 ||| READING 2 scrolls labelled KEHEADU KUAKK.
  1880 | D:2      | 1880 ||| READING 2 scrolls labelled OZAFEM HALOZIX.
  1884 | D:2      | 1884 ||| DROPPING scroll of fog.
  1904 | D:3      | Found a shimmering altar of Xom.
  1905 | D:3      | 1905 ||| STAIRDANCE
  2106 | D:3      | Found a hide-covered altar of Uskayaw.
  2136 | D:3      | Reached XP level 5. HP: 45/45 MP: 4/4
  2331 | D:3      | 2331 ||| DROPPING +1 hand axe of holy wrath.
  2604 | D:3      | 2604 ||| Stepping ~*~*~tactically~*~*~ (stealth).
  2606 | D:3      | 2606 ||| Stepping ~*~*~tactically~*~*~ (stealth).
  2649 | D:3      | 2649 ||| Stepping ~*~*~tactically~*~*~ (stealth).
  2722 | D:3      | 2722 ||| READING 2 scrolls labelled LOEVUE ANANI.
  2723 | D:3      | 2723 ||| READING scroll labelled RELAOT KIYGANK.
  2724 | D:3      | 2724 ||| READING scroll labelled YTHRIR SYNIR.
  2725 | D:3      | 2725 ||| READING 3 scrolls of identify.
  2725 | D:3      | 2725 ||| IDENTIFYING glowing silvery potion
  2726 | D:3      | 2726 ||| READING 2 scrolls of identify.
  2726 | D:3      | 2726 ||| IDENTIFYING coppery potion
  2727 | D:3      | 2727 ||| DROPPING scroll of vulnerability.
  2791 | D:4      | 2791 ||| Stepping ~*~*~tactically~*~*~ (hiding).
  2792 | D:4      | 2792 ||| Stepping ~*~*~tactically~*~*~ (hiding).
  2822 | D:4      | 2822 ||| Stepping ~*~*~tactically~*~*~ (stealth).
  2870 | D:4      | 2870 ||| Stepping ~*~*~tactically~*~*~ (stealth).
  2893 | D:4      | 2893 ||| Stepping ~*~*~tactically~*~*~ (hiding).
  2894 | D:4      | 2894 ||| Stepping ~*~*~tactically~*~*~ (hiding).
  2904 | D:4      | Reached skill level 7 in Axes
  2911 | D:4      | 2911 ||| Stepping ~*~*~tactically~*~*~ (stealth).
  2948 | D:4      | 2948 ||| Stepping ~*~*~tactically~*~*~ (stealth).
  3001 | D:4      | 3001 ||| Stepping ~*~*~tactically~*~*~ (hiding).
  3009 | D:4      | HP: 4/46 [gnoll/+0 halberd (9)]
  3010 | D:4      | 3010 ||| READING scroll of teleportation.
  3011 | D:4      | 3011 ||| DRINKING potion of heal wounds.
  3012 | D:4      | Noticed an orc warrior
  3017 | D:4      | 3017 ||| DRINKING potion of curing.
  3017 | D:4      | 3017 ||| (to cure confusion)
  3020 | D:4      | Reached XP level 6. HP: 30/52 MP: 5/5
  3021 | D:4      | HP: 11/52 [orc warrior/+0 short sword (6)]
  3022 | D:4      | HP: 5/52 [orc warrior/+0 short sword (6)]
  3023 | D:4      | Mangled by an orc warrior

Levels and vault maps discovered:
D:1:      enne_arrival_octagon_isle, layout_basic,
          shapermc_ecumenical_altar_mp_vishouse
D:2:      layout_basic, uniq_terence
D:3:      cheibrodos_greedy_goblins, layout_basic,
          mainiacjoe_overflow_boulevard,
          nicolae_uskayaw_murder_on_the_dancefloor
D:4:      lemuel_castle_with_subvaults [lemuel_castle_interior_carwin_3],
          layout_rooms

Skill      XL: |  1  2  3  4  5 |
---------------+----------------+-----
Axes           | 3 4 5 6 7 |  7.6
Dodging        | 1 |  1.0
Fighting       | 4 |  4.2
Armour         | |  3.6
Shields        | |  3.6

Action                   |  1- 3 |  4- 6 || total
-------------------------+-------+-------++-------
Melee: War axe           |    77 |   108 ||   185
       Headbutt          |    13 |    14 ||    27
  Use: Scroll            |     3 |     8 ||    11
       Potion            |       |     2 ||     2
Armor: Scale mail        |    25 |     2 ||    27
       Plate armour      |       |    66 ||    66
Dodge: Dodged            |    33 |    44 ||    77
Block: Buckler           |    16 |    27 ||    43

Table legend:
 A = Non-vault XP
 B = Vault XP
 C = Vault XP percentage of total XP
 D = Non-vault monster count
 E = Vault monster count
 F = Vault count percentage of total count
                 A         B        C        D         E       F
            +---------+---------+-------+---------+---------+-------
      Total |     356 |     121 |  25.4 |      61 |      19 |  23.8
            +---------+---------+-------+---------+---------+-------
        D:1 |      41 |       0 |   0.0 |      25 |       0 |   0.0
        D:2 |     107 |      36 |  25.2 |      14 |       1 |   6.7
        D:3 |      53 |      17 |  24.3 |      15 |       9 |  37.5
        D:4 |     155 |      68 |  30.5 |       7 |       9 |  56.2
            +---------+---------+-------+---------+---------+-------
